 Dungeon Crawl Stone Soup version 0.29-a0-997-gf6f7e2dfe7 (webtiles) character file.

Game seed: 448019886423812333

86 concernfroge the Trooper (level 4, -10/39 HPs)
             Began as a Mummy Monk on Aug 4, 2022.
             Killed by divine providence
             ... invoked by an orc priest
              (12 damage)
             ... on level 3 of the Dungeon.
             The game lasted 00:05:39 (2231 turns).

concernfroge the Trooper (Mummy Monk)               Turns: 2231, Time: 00:05:39

Health: -10/39     AC:  8    Str: 22    XL:     4   Next: 26%
Magic:  4/4        EV: 10    Int:  9    God:
Gold:   96         SH:  0    Dex: 14    Spells: 3/3 levels left

rFire   x . .      SeeInvis .   a - +1 spear
rCold   + . .      Faith    .   (no shield)
rNeg    + + +      Spirit   .   g - +0 scale mail
rPois   ∞          Reflect  .   (no helmet)
rElec   .          Harm     .   (no cloak)
rCorr   .          Rampage  .   (no gloves)
Will    .....                   h - +1 pair of boots
Stlth   ..........              (no amulet)
HPRegen 0.13/turn               f - +6 ring of strength
MPRegen 0.09/turn               (no ring)

@: no status effects
A: cold resistance 1, negative energy resistance 3, torment resistance 2, heat
vulnerability 1, in touch with death 1, no potions
a: no special abilities


You were on level 3 of the Dungeon.
You visited 1 branch of the dungeon, and saw 3 of its levels.

You collected 96 gold pieces.

Inventory:

Hand Weapons
 a - a +1 spear (weapon)
Armour
 g - a +0 scale mail (worn)
 h - a +1 pair of boots (worn)
Jewellery
 f - a +6 ring of strength (left hand)
Scrolls
 c - a scroll of teleportation


   Skills:
 + Level 5.1 Fighting
 - Level 2.4 Polearms
 - Level 2.4 Dodging
 - Level 1.5 Stealth


You had 3 spell levels left.
You didn't know any spells.
Your spell library contained the following spells:

 Spells                   Type           Power      Damage    Failure   Level
 Slow                     Hex            0%         N/A       75%         1
 Confusing Touch          Hex            0%         N/A       98%         3
 Gell's Gravitas          Tloc           0%         N/A       98%         3
 Lesser Beckoning         Tloc           0%         N/A       98%         3
 Teleport Other           Tloc           0%         N/A       98%         3
 Vampiric Draining        Necr           0%         2d6       98%         3


Dungeon Overview and Level Annotations

Branches:
Dungeon (3/15)

Altars:
Nemelex Xobeh

Annotations:
D:1 1 transporter


Innate Abilities, Weirdness & Mutations

You are immune to poison.
Your flesh is cold resistant. (rC+)
You are immune to negative energy. (rN+++)
You are immune to unholy pain and torment.
You are vulnerable to heat. (rF-)
You are in touch with the powers of death.
You do not drink.


Message History

The orc barely misses you.
You hit the orc.
You kill the orc!
The quokka bites you.
You barely miss the quokka. The quokka bites you.
The orc priest looks satisfied for a moment.
You completely miss the quokka. The quokka bites you.
The orc priest invokes the aid of Beogh against you.
Beogh smites you!
You hit the quokka.
You kill the quokka!
You closely miss the orc. The orc hits you with a +0 flail.
* * * LOW HITPOINT WARNING * * *
You closely miss the orc. The orc barely misses you.
You hit the orc.
The orc is heavily wounded.
The orc hits you with a +0 flail.
* * * LOW HITPOINT WARNING * * *
You hit the orc.
The orc is severely wounded.
You hit the orc.
You kill the orc!
You hit something but do no damage. Something hits you but does no damage.
You hit something. Something hits you but does no damage.
You hit something. Something completely misses you.
You barely miss something. Something hits you but does no damage.
You miss something. Something hits you but does no damage.
You hit something. Something hits you but does no damage.
You closely miss something.
You hear some strange, mumbled words.
A puff of flame appears from out of thin air!
The puff of flame hits you. The fire burns you terribly!
* * * LOW HITPOINT WARNING * * *
You barely miss something. Something hits you.
* * * LOW HITPOINT WARNING * * *
You hit something. Something hits you but does no damage.
You hit something.
The orc priest calls down the wrath of Beogh upon you.
Beogh smites you!
You die...

###
#.#############
#..............
#.####....####
#@# #.#### #{#
#.######### #o#
#.........# #w#
#########.# #.#
#.# #'# #.# ...
#.# #...# #.###
#...# #.#..


You could see an orc priest and a dart slug.

Vanquished Creatures
  An adder (D:3)
  4 dart slugs
  4 orcs (D:3)
  8 endoplasms
  A giant cockroach (D:3)
  5 goblins
  5 hobgoblins
  5 jackals
  3 quokkas
  6 ball pythons
  5 bats
  A frilled lizard (D:2)
  5 kobolds
  4 rats
57 creatures vanquished.

Notes
Turn   | Place    | Note
-------+----------+-------------------------------------------
     0 | D:1      | concernfroge the Mummy Monk began the quest for the Orb.
     0 | D:1      | Reached XP level 1. HP: 18/18 MP: 1/1
   385 | D:1      | Reached XP level 2. HP: 24/24 MP: 2/2
   790 | D:1      | Reached skill level 4 in Fighting
   977 | D:1      | Found a faded altar of an unknown god.
  1063 | D:1      | Gained mutation: You are in touch with the powers of death.
                  | [Mummy growth]
  1063 | D:1      | Reached XP level 3. HP: 29/30 MP: 3/3
  1941 | D:3      | Found a sparkling altar of Nemelex Xobeh.
  2063 | D:3      | Reached skill level 5 in Fighting
  2063 | D:3      | Reached XP level 4. HP: 38/39 MP: 4/4
  2231 | D:3      | Killed from afar by an orc priest

Illustrated notes

Levels and vault maps discovered:
D:1:      spicycebolla_arrival_risky_transporter, layout_loops_ring,
          chequers_ecumenical_altar_simple_redux, st_stairs_3, minmay_tall_x
D:2:      layout_loops_ring, minmay_indecisive_spiral
D:3:      layout_basic, zin_statuary, mainiacjoe_overflow_surrounded_room

Skill      XL: |  1  2  3 |
---------------+----------+-----
Fighting       | 4 5 |  5.1
Polearms       | |  2.4
Dodging        | |  2.4
Stealth        | |  1.5

Action                   |  1- 3 |  4- 6 || total
-------------------------+-------+-------++-------
Melee: Spear             |   180 |    47 ||   227
       Punch             |     2 |       ||     2
  Use: Scroll            |     6 |     1 ||     7
 Stab: Sleeping          |     3 |       ||     3
Armor: Robe              |     5 |       ||     5
       Leather armour    |     8 |       ||     8
       Scale mail        |    33 |    14 ||    47
Dodge: Dodged            |    89 |    12 ||   101

Table legend: (Time is in decaauts)
 A = Elapsed time spent in this place.
 B = Non-inter-level travel time spent in this place.
 C = Inter-level travel time spent in this place.
 D = Time resting spent in this place.
 E = Time spent auto-exploring this place.
 F = Levels seen in this place.
 G = Mean time per level.
                   A        B        C        D        E       F      G
               +--------+--------+--------+--------+--------+-----+--------+
         Total |   2225 |   2172 |     53 |      0 |   1695 |   3 |  741.7 |
       Dungeon |   2225 |   2172 |     53 |      0 |   1695 |   3 |  741.7 |
               +--------+--------+--------+--------+--------+-----+--------+

Top non-repeatable levels by time:
     D:1: 1422 daAuts
     D:3: 586 daAuts
     D:2: 215 daAuts
